 Dungeon Crawl Stone Soup version 0.29.1-13-g9f3cf754e1 (webtiles) character file.

Game seed: 6851898202528762446

172 croobank the Sneak (level 5, -3/37 HPs)
             Began as an Octopode Delver on Feb 11, 2023.
             Slain by a black bear (7 damage)
             ... on level 5 of the Dungeon.
             The game lasted 00:06:17 (1112 turns).

croobank the Sneak (Octopode Delver)                Turns: 1112, Time: 00:06:18

Health: -3/37      AC:  1    Str: 17    XL:     5   Next: 52%
Magic:  5/5        EV: 14    Int: 15    God:
Gold:   50         SH:  0    Dex: 13    Spells: 4/4 levels left

rFire   . . .      SeeInvis .   k - +2 hand axe (vorpal)
rCold   . . .      Faith    .   (no shield)
rNeg    . . .      Spirit   .   (helmet restricted)
rPois   .          Reflect  .   (no amulet)
rElec   .          Harm     .   g - +6 ring of strength
rCorr   .          Rampage  .   (no ring)
Will    .....                   (no ring)
Stlth   +++++.....              (no ring)
HPRegen 0.12/turn               (no ring)
MPRegen 0.09/turn               (no ring)
                                (no ring)
                                (no ring)

@: hasted, very quick
A: almost no armour, amphibious, 8 rings, camouflage 1, gelatinous body 1,
(nimble swimmer 1), tentacles
a: no special abilities


You were on level 5 of the Dungeon.
You visited 2 branches of the dungeon, and saw 6 of its levels.

You collected 50 gold pieces.

Inventory:

Hand Weapons
 a - a +0 hand axe
 c - a +0 dagger
 k - a +2 vorpal hand axe (weapon)
 l - a +0 trident
Missiles
 d - 11 poisoned darts (quivered)
Jewellery
 g - a +6 ring of strength (left tentacle)
Wands
 f - a wand of digging (2)
Scrolls
 b - a scroll of fog
 h - 2 scrolls of identify {unknown}
 i - a scroll of noise {unknown}
 j - a scroll of teleportation {unknown}


   Skills:
 + Level 3.9 Fighting
 + Level 3.2 Axes
 + Level 3.2 Dodging
 + Level 7.6 Stealth


You had 4 spell levels left.
You didn't know any spells.
Your spell library contained the following spells:

 Spells                   Type           Power      Damage    Failure   Level
 Sting                    Tmut/Pois      0%         1d3       26%         1
 Poisonous Vapours        Pois/Air       0%         N/A       38%         2
 Olgreb's Toxic Radiance  Pois           0%         N/A       95%         4


Dungeon Overview and Level Annotations

Branches:
Dungeon (8/15)             Temple (1/1) D:5
   Lair: D:8-11

Altars:
Ashenzari
Dithmenos
Fedhas
Gozag
Hepliaklqana
Qazlal
Trog
Uskayaw
Vehumet
Wu Jian
Yredelemnul
Zin
The Shining One


Innate Abilities, Weirdness & Mutations

You cannot wear most types of armour.
You are amphibious.
You can wear up to eight rings at the same time.
Your skin changes colour to match your surroundings (Stealth+).
Your rubbery body absorbs attacks. (AC +1, EV +1)
((You are camouflaged when in or above water. (Stealth+)))
You have tentacles for arms and can constrict up to eight enemies at once.


Message History

There is a staircase back to the Dungeon here.
There is an opulent altar of Gozag here.
You curl up in front of the altar of Gozag.
Gozag does not accept service from beggars like you!
The service fee for joining is currently 104 gold; you only have 39.
(D) Dungeon (T) Temple
Where to? (Enter - D:6, ? - help)
There is a staircase back to the Dungeon here.
You climb upwards.
There is a staircase to the Ecumenical Temple here.
Found 11 gold pieces.
You see here a +0 trident.
l - a +0 trident A hound comes into view.
You see here 11 gold pieces.
You now have 50 gold pieces (gained 11).
The hound barks!
You hit the hound. Your grab misses the hound. You squeeze the hound!
You kill the hound!
A black bear comes into view.
The black bear growls angrily.
The black bear moves out of view.
The black bear bites you! The black bear claws you. The black bear misses you.
The black bear attacks as you move away!
The black bear bites you. The black bear claws you.
The black bear closely misses you.
You hit the black bear. You grab the black bear.
The black bear is lightly wounded.
You constrict the black bear. The black bear bites you!
* * * LOW HITPOINT WARNING * * *
The black bear closely misses you. The black bear misses you. x2
The black bear barely misses you. The black bear claws you.
* * * LOW HITPOINT WARNING * * *
Okay, then.
Okay, then.
Okay, then.
Unknown command.
You feel yourself speed up.
You constrict the black bear. The black bear bites you!
You die...

#..# ##...## #.#..##.#...
#...##...## ##...##.....
#........# ###..###..#
#........#######..#...#..##
#...###..#.#......#####.###
..# #####.#..# ### #
#...### #.#.h...##
#...@....# #.........#
#..#.......# #..#.##...###
####. ##### #


You could see a black bear.

Vanquished Creatures
  A bullfrog (D:7)
  2 hounds
  An orc wizard (D:6)
  2 adders (D:4)
  3 orcs (D:6)
  A hobgoblin (D:4)
  A kobold (D:4)
11 creatures vanquished.

Vanquished Creatures (others)
  2 plants (D:5)
2 creatures vanquished.

Grand Total: 13 creatures vanquished

Notes
Turn   | Place    | Note
-------+----------+-------------------------------------------
     0 | D:5      | croobank the Octopode Delver began the quest for the Orb.
     0 | D:5      | Reached XP level 1. HP: 16/16 MP: 1/1
     0 | D:5      | Found a bloodstained altar of Trog.
   110 | D:5      | Noticed a steam dragon
   125 | D:4      | Found a broken altar of Ashenzari.
   128 | D:4      | Noticed a hound
   132 | D:4      | Killed a hound
   133 | D:4      | Reached XP level 2. HP: 16/21 MP: 2/2
   133 | D:4      | Reached XP level 3. HP: 20/26 MP: 3/3
   238 | D:4      | Noticed a scorpion
   255 | D:4      | Reached skill level 7 in Stealth
   444 | D:5      | You fall into a shaft and drop 3 floors!
   451 | D:8      | Noticed a kobold brigand
   454 | D:7      | Noticed a bullfrog
   457 | D:7      | Killed a bullfrog
   458 | D:7      | Reached XP level 4. HP: 14/33 MP: 4/4
   649 | D:7      | Noticed a black bear
   683 | D:7      | Noticed a bullfrog
   691 | D:7      | Noticed a kobold brigand
   706 | D:7      | Noticed a wyvern
   836 | D:6      | Noticed a shadow
   873 | D:6      | Reached XP level 5. HP: 37/37 MP: 5/5
   982 | D:6      | Noticed a water moccasin
  1057 | D:5      | Found a staircase to the Ecumenical Temple.
  1067 | Temple   | Entered the Ecumenical Temple
  1107 | D:5      | Noticed a black bear
  1112 | D:5      | Slain by a black bear

Illustrated notes

Levels and vault maps discovered:
D:4:      layout_basic, nicolae_ashenzari_skybound, serial_shops,
          kennysheep_mini
D:5:      layout_layer_cave, grunt_temple_overflow_champion_of_chaos,
          mainiacjoe_overflow_boulevard, minmay_temple_entry_crystal_x,
          fountainhead
D:6:      minmay_thick_lines, layout_loops_ring, uniq_duvessa
D:7:      layout_basic
D:8:      layout_basic, gammafunk_ghost_spectres,
          chequers_serial_rivers_small_3, nicolae_fountain_basement,
          uniq_amaemon
Temple:   minmay_freezing_vapour_temple

Skill      XL: |  1  2  3 |
---------------+----------+-----
Stealth        | 7 |  7.6
Axes           | 3 |  3.2
Dodging        | 3 |  3.2
Fighting       | |  3.9

Action                   |  1- 3 |  4- 6 || total
-------------------------+-------+-------++-------
Melee: Hand axe          |    17 |     8 ||    25
       Constrict         |     5 |     2 ||     7
       Tentacles         |     2 |     3 ||     5
       Punch             |     1 |       ||     1
Evoke: Wand              |       |     1 ||     1
  Use: Scroll            |       |     2 ||     2
       Potion            |       |     1 ||     1
 Stab: Sleeping          |     3 |     4 ||     7
Dodge: Dodged            |     9 |     7 ||    16
